 Dungeon Crawl Stone Soup version 0.30-a0-596-g0af90f9a20 (webtiles) character file.

Game seed: 3176141049261637920

2 pokeman the Magician (level 1, -2/10 HPs)
             Began as a Deep Elf Hedge Wizard on Jan 7, 2023.
             Slain by a hobgoblin (4 damage)
             ... on level 1 of the Dungeon.
             The game lasted 00:00:12 (31 turns).

pokeman the Magician (Deep Elf Hedge Wizard)          Turns: 31, Time: 00:00:13

Health: -2/10      AC:  2    Str:  7    XL:     1   Next: 25%
Magic:  1/7        EV: 12    Int: 18    God:
Gold:   0          SH:  0    Dex: 14    Spells: 7/8 levels left

rFire   . . .      SeeInvis .    a - +0 dagger
rCold   . . .      Faith    .    (no shield)
rNeg    . . .      Spirit   .    b - +0 robe
rPois   .          Reflect  .    c - +0 hat
rElec   .          Harm     .    (no cloak)
rCorr   .          Rampage  .    (no gloves)
Will    .....                    (no boots)
Stlth   ++                       (no amulet)
HPRegen 0.21/turn                (no ring)
MPRegen 0.10/turn                (no ring)

@: no status effects
A: no striking features
a: no special abilities


You were on level 1 of the Dungeon.
You visited 1 branch of the dungeon, and saw 1 of its levels.

Inventory:

Hand Weapons
 a - a +0 dagger (weapon)
Armour
 b - a +0 robe (worn)
 c - a +0 hat (worn)
Potions
 d - a potion of magic


   Skills:
 + Level 0.0 Fighting
 + Level 0.0 Armour
 - Level 2.4 Dodging
 - Level 2.4 Stealth
 * Level 4.4 Spellcasting
 + Level 1.1 Conjurations
 - Level 1.1 Summonings
 - Level 1.1 Translocations


You had 7 spell levels left.
You knew the following spells:

 Your Spells              Type           Power      Damage    Failure   Level
a - Magic Dart            Conj           32%        1d4       9%          1

Your spell library contained the following spells:

 Spells                   Type           Power      Damage    Failure   Level
 Slow                     Hex            16%        N/A       14%         1
 Blink                    Tloc           16%        N/A       14%         2
 Call Imp                 Summ           8%         N/A       14%         2
 Cigotuvi's Dreadful Rot  Necr/Pois/Air  8%         N/A       22%         2
 Mephitic Cloud           Conj/Pois/Air  5%         N/A       34%         3


Dungeon Overview and Level Annotations

Branches:
Dungeon (1/15)

Altars:


Message History

Unknown command.
Casting: Magic Dart (safe; 9% risk of failure)
Confirm with . or Enter, or press ? or * to list all spells.
You don't know that spell.
You close the door, pushing everything out of the way.
You see here a rat corpse.
You start resting.
A hobgoblin is nearby!
Casting: Magic Dart (safe; 9% risk of failure)
Confirm with . or Enter, or press ? or * to list all spells.
Aiming: Magic Dart (safe; 9% risk of failure)
Press: ? - help, Shift-Dir - straight line, f/p - hobgoblin
Aim: a hobgoblin (heavily wounded, 100% to hit)
You miscast Magic Dart.
You are very lightly contaminated with residual magic.
Nothing appears to happen.
You barely miss the hobgoblin. Your punch misses the hobgoblin.
The hobgoblin is moderately wounded.
The hobgoblin hits you.
You hit the hobgoblin but do no damage.
The hobgoblin is moderately wounded.
The hobgoblin hits you.
You closely miss the hobgoblin.
The hobgoblin is moderately wounded.
The hobgoblin misses you.
You hit the hobgoblin but do no damage.
The hobgoblin is lightly wounded.
The hobgoblin misses you.
You hit the hobgoblin but do no damage.
The hobgoblin is lightly wounded.
The hobgoblin hits you.
* * * LOW HITPOINT WARNING * * *
You barely miss the hobgoblin.
The hobgoblin is lightly wounded.
The hobgoblin closely misses you.
Your magical contamination has completely faded away.
You barely miss the hobgoblin.
The hobgoblin is lightly wounded.
The hobgoblin hits you.
You die...

#...........
#..........
....)....
...g... .....
... #+# #
#@##.#
#########.g..#
.............#
######'####.#
#.......#.#
#.8.8.8.# #
#.......#
+.8.<.8.+
#.......#


You could see a hobgoblin.

Vanquished Creatures
  A kobold (D:1)
  A rat (D:1)
2 creatures vanquished.

Notes
Turn   | Place    | Note
-------+----------+-------------------------------------------
     0 | D:1      | pokeman the Deep Elf Hedge Wizard began the quest for the
                  | Orb.
     0 | D:1      | Reached XP level 1. HP: 10/10 MP: 7/7
    31 | D:1      | Slain by a hobgoblin

Illustrated notes

Levels and vault maps discovered:
D:1:      doesnt_arrival_eight_statues, layout_basic,
          chequers_ecumenical_altar_island, minmay_hexomino_r4

Action                   || total
-------------------------++-------
Melee: Dagger            ||     7
 Cast: Magic Dart        ||     7
Dodge: Dodged            ||     4

Table legend: (Time is in decaauts)
 A = Elapsed time spent in this place.
 B = Non-inter-level travel time spent in this place.
 C = Inter-level travel time spent in this place.
 D = Time resting spent in this place.
 E = Time spent auto-exploring this place.
 F = Levels seen in this place.
 G = Mean time per level.
                   A        B        C        D        E       F      G
               +--------+--------+--------+--------+--------+-----+--------+
         Total |     31 |     31 |      0 |      5 |     10 |   1 |   31.0 |
       Dungeon |     31 |     31 |      0 |      5 |     10 |   1 |   31.0 |
               +--------+--------+--------+--------+--------+-----+--------+

Top non-repeatable levels by time:
     D:1: 31 daAuts
